 Dungeon Crawl Stone Soup version 0.15-a0-2352-g26abbdd (webtiles) character file.

726 PolkaDot the Jinx (level 7, 0/46 HPs)
             Began as a Vampire Enchanter on July 30, 2014.
             Was an Initiate of Gozag.
             Slain by an adder (1 damage)
             ... on Level 4 of the Dungeon on July 31, 2014.
             The game lasted 00:24:26 (5577 turns).

PolkaDot the Jinx (Vampire Enchanter)               Turns: 5577, Time: 00:24:27

HP   0/46        AC  4     Str  7      XL: 7   Next: 44%
MP   8/12        EV 12     Int 19      God: Gozag
Gold 255         SH  0     Dex 14      Spells:  3 memorised,  4 levels left

rFire  . . .     SeeInvis +     n - +0 dagger (freeze)
rCold  + + .     Clarity  .     b - +1 robe
rNeg   + + +     rCorr    .     (no shield)
rPois  +         rRot     +     (no helmet)
rElec  .         Spirit   .     (no cloak)
SustAb .         Warding  .     q - +0 pair of gloves
rMut   .         Stasis   .     (no boots)
Gourm  .                        (no amulet)
MR     .....                    (no ring)
                                (no ring)

@: bloodless, non-regenerating, not resistant to hostile enchantments, quite
stealthy
A: bottle blood, fangs 3, see invisible, unbreathing
a: Bat Form, Bottle Blood, Potion Petition, Call Merchant, Bribe Branch,
Renounce Religion


You were on level 4 of the Dungeon.
You worshipped Gozag.
Gozag was noncommittal.
You were bloodless.

You visited 1 branch of the dungeon, and saw 5 of its levels.

You collected 335 gold pieces.
You paid 80 gold pieces to Gozag.

Inventory:

Hand weapons
 n - a +0 dagger of freezing (weapon)
Missiles
 m - 4 tomahawks (quivered)
Armour
 b - a +1 robe (worn)
 g - a cursed -1 buckler
 q - a +0 pair of gloves (worn)
Magical devices
 p - a wand of disintegration (16)
Scrolls
 d - a scroll of enchant weapon
 f - 3 scrolls of remove curse
 h - a scroll of amnesia
 i - a scroll of immolation {unknown}
 k - a scroll of blinking {unknown}
Potions
 a - 2 potions of restore abilities
 j - a potion of lignification
 l - 3 potions of flight
Books
 c - a book of Maledictions

   Spells                             Type                      Level
   *Corona                            Hexes                        1
   Sure Blade                         Hexes/Charms                 2
   *Ensorcelled Hibernation           Hexes/Ice                    2
   *Confuse                           Hexes                        3
   Dazzling Spray                     Conjuration/Hexes            3
   Enslavement                        Hexes                        4


   Skills:
 - Level 3.2 Short Blades
 - Level 2.1 Dodging
 + Level 7.8 Stealth
 - Level 2.0 Spellcasting
 * Level 10.0 Hexes
 - Level 1.1 Ice Magic


You had 4 spell levels left.
You knew the following spells:

 Your Spells              Type           Power        Failure   Level  Hunger
a - Corona                Hex            #####..      1%          1    #......
c - Confuse               Hex            #####...     1%          3    ####...
d - Ensorcelled Hibernat  Hex/Ice        ###...       2%          2    ##.....


Dungeon Overview and Level Annotations

Branches:
Dungeon (5/15)
 Temple: D:4-7

Altars:
Gozag
Xom
Zin

Shops:
D:2 *   D:4 =


Innate Abilities, Weirdness & Mutations

You do not heal naturally.
You can bottle blood from corpses.
You have razor-sharp teeth.
You have supernaturally acute eyesight.
You can survive without breathing.


Message History

* * * LOW HITPOINT WARNING * * *
The adder bites you but does no damage. The adder bites you.
* * * LOW HITPOINT WARNING * * *
The hound bites you.
* * * LOW HITPOINT WARNING * * *
You climb upwards.
There is a stone staircase leading down here.
Unknown command.
Read which item? (? for menu, Esc to quit)
Okay, then.
Drink which item? (? for menu, Esc to quit)
Okay, then.
Read which item? (? for menu, Esc to quit)
As you read the scroll labeled MIYSIN THRAGGIMIAF, it crumbles to dust.
Forget which spell ([?*] list [ESC] exit)?
Forget which spell ([?*] list [ESC] exit)?
Okay, then.
It was a scroll of amnesia.
The adder bites you.
You die...
Your body crumbles into a pile of gold.

............................##.##
.................................
...........#.#....####.###..##.##
......##..........####.###..##.##
.####.##.#............)).........
.......................###..####.
............##∩##.###..# #..# #.
..##..##.#.....S#h.....###..# #.
................@...........####.
.......#.#..##..#S.##..###.......
............................####.
.)##.....#..##.........###..# #.
........................)...# #.
!.........#.##.##..#.#.####.####.
.).#...............#.#...........
...#........##.##....#.####.####.
........#.............<......# #.


You could see a hound and 2 adders.

Vanquished Creatures
  The ghost of ciphuk the Insei, an average DrTm (D:4)
  A hound (D:4)
  A gnoll shaman (D:4)
  An orc priest (D:3)
  3 orc wizards
  2 worker ants (D:4)
  Ijyb (D:3)
  The ghost of Charly the Poker, a weakling MfBe of Trog (D:3)
  An ogre skeleton (D:4)
  Terence (D:2)
  5 gnolls (D:4)
  8 adders
  A worm (D:2)
  An adder skeleton (D:3)
  5 giant geckos
  An ooze (D:3)
  13 orcs
  A ball python (D:5)
  11 bats
  4 giant cockroaches
  7 hobgoblins
  11 jackals
  5 giant newts
  A giant spore (D:4)
  10 goblins
  7 kobolds
  An orc skeleton (D:4)
  2 quokkas (D:4)
  13 rats
  2 ballistomycetes (D:4)
122 creatures vanquished.

Notes
Turn   | Place    | Note
--------------------------------------------------------------
     0 | D:1      | PolkaDot, the Vampire Enchanter, began the quest for the Orb.
     0 | D:1      | Reached XP level 1. HP: 13/13 MP: 3/3
   428 | D:1      | Reached XP level 2. HP: 19/19 MP: 4/4
  1312 | D:1      | Reached XP level 3. HP: 24/24 MP: 6/6
  1379 | D:1      | Learned a level 2 spell: Ensorcelled Hibernation
  1383 | D:1      | Learned a level 3 spell: Confuse
  1383 | D:1      | Upgraded the game from 0.15-a0-2293-g46567fe to 0.15-a0-2352-g26abbdd
  1464 | D:2      | Reached skill level 1 in Ice Magic
  1706 | D:2      | Noticed Terence
  1715 | D:2      | Killed Terence
  1768 | D:2      | Found an opulent altar of Gozag.
  1824 | D:2      | Reached skill level 5 in Hexes
  1824 | D:2      | Reached XP level 4. HP: 30/30 MP: 4/7
  1945 | D:2      | Found Zin's Purification Station.
  1945 | D:2      | Found a glowing silver altar of Zin.
  2460 | D:3      | Reached skill level 5 in Stealth
  2529 | D:3      | Noticed Ijyb
  2541 | D:3      | Killed Ijyb
  2541 | D:3      | Reached skill level 6 in Hexes
  2702 | D:3      | Reached XP level 5. HP: 35/35 MP: 1/9
  2863 | D:3      | Noticed Charly's ghost (weakling MfBe)
  2871 | D:3      | Killed Charly's ghost
  3194 | D:2      | Became a worshipper of Gozag Ym Sagoz the Greedy
  3448 | D:3      | Reached skill level 7 in Hexes
  3774 | D:4      | Found a shimmering altar of Xom.
  3779 | D:4      | Reached XP level 6. HP: 30/41 MP: 5/10
  3875 | D:4      | Found Littim's Jewellery Emporium.
  3901 | D:4      | Reached skill level 8 in Hexes
  4312 | D:4      | Reached skill level 9 in Hexes
  4690 | D:4      | Noticed ciphuk's ghost (average DrTm)
  4721 | D:4      | Killed ciphuk's ghost
  4721 | D:4      | Reached XP level 7. HP: 11/46 MP: 6/12
  5212 | D:4      | Reached skill level 10 in Hexes
  5561 | D:5      | Entered Level 5 of the Dungeon
  5575 | D:5      | HP: 1/46 [hound (3)]
  5577 | D:4      | Slain by an adder

Action                   |  1- 3 |  4- 6 |  7- 9 || total
-------------------------+-------+-------+-------++-------
Melee: Dagger            |    89 |   214 |    44 ||   347
 Cast: Corona            |    12 |       |       ||    12
       Ensorcelled Hiber |    10 |    63 |    12 ||    85
       Confuse           |       |     7 |       ||     7
Evoke: Wand              |       |     1 |       ||     1
  Use: Scroll            |       |     7 |     1 ||     8
       Potion            |       |     6 |       ||     6
 Stab: Sleeping          |    17 |    49 |    11 ||    77
       Confused          |       |     6 |       ||     6
